 Dungeon Crawl Stone Soup version 0.17-a0-2024-gc284f19 (webtiles) character file.

31 Oddball22 the Caller (level 3, 0/19 HPs)
             Began as a Deep Elf Summoner on Oct 10, 2015.
             Succumbed to an adder's poison
             ... on level 2 of the Dungeon.
             The game lasted 00:04:04 (1454 turns).

Oddball22 the Caller (Deep Elf Summoner)            Turns: 1454, Time: 00:04:04

Health: 0/19       AC:  2    Str:  5    XL:     3   Next: 7%
Magic:  5/10       EV: 13    Int: 20    God:
Gold:   73         SH:  0    Dex: 15    Spells: 2 memorised, 7 levels left

rFire  . . .     SeeInvis .     e - -3 dagger (curse)
rCold  . . .     Clarity  .     a - +0 robe
rNeg   . . .     SustAt   .     (no shield)
rPois  .         Gourm    .     (no helmet)
rElec  .         Spirit   .     (no cloak)
rCorr  .         Warding  .     (no gloves)
rMut   .         Stasis   .     (no boots)
MR     .....                    (no amulet)
Stlth  ++........               (no ring)
                                (no ring)

@: lethally poisoned (0 -> -6), very slightly contaminated, hasted, very quick,
not resistant to hostile enchantments, unstealthy
A: no striking features
a: no special abilities


You were on level 2 of the Dungeon.
You were not hungry.

You visited 1 branch of the dungeon, and saw 2 of its levels.

You collected 73 gold pieces.

Inventory:

Hand Weapons
 e - a cursed -3 dagger (weapon)
Armour
 a - a +0 robe (worn)
Jewellery
 g - an uncursed ring of poison resistance {unknown}
Scrolls
 f - a scroll of random uselessness {unknown}
 h - a scroll of recharging {unknown}
 i - a scroll of fog {unknown}
 j - a scroll of teleportation {unknown}
 l - a scroll of remove curse {unknown}
Books
 b - a book of Callings

   Spells                             Type                      Level
   a - Summon Small Mammal            Summoning                    1
   b - Call Imp                       Summoning                    2
   c - Call Canine Familiar           Summoning                    3
   d - Summon Guardian Golem          Hexes/Summoning              3
   e - Summon Lightning Spire         Summoning/Air                4
   f - Summon Ice Beast               Ice/Summoning                4
Comestibles
 c - 2 bread rations
 k - 3 fruits
 m - 8 chunks of flesh


   Skills:
 - Level 2.4 Dodging
 + Level 2.9 Stealth
 * Level 4.0 Spellcasting
 + Level 4.8 Summonings


You had 7 spell levels left.
You knew the following spells:

 Your Spells              Type           Power        Failure   Level  Hunger
a - Summon Small Mammal   Summ           ###.         1%          1    None
b - Call Imp              Summ           ###.....     2%          2    #......


Dungeon Overview and Level Annotations

Branches:
Dungeon (2/15)

Altars:


Message History

Your experience leads to an increase in your attributes!
Increase (S)trength, (I)ntelligence, or (D)exterity?
You feel clever.
There is a lethal amount of poison in your body!
Drink which item? (? for menu, Esc to quit)
It was a potion of haste.
You feel yourself speed up.
* * * LOW HITPOINT WARNING * * *
You feel sick.
There is a lethal amount of poison in your body!
* * * LOW HITPOINT WARNING * * *
You feel sick.
* * * LOW HITPOINT WARNING * * *
You feel sick.
* * * LOW HITPOINT WARNING * * *
You feel sick.
You see here 14 gold pieces.
You now have 73 gold pieces (gained 14).
* * * LOW HITPOINT WARNING * * *
You feel sick.
You die...

#...###.............
#...#.รท..........<..
#####.......(.......
#............########
#.........(.........?
#....................
#...........r.........
#............b........
#..........rr.@.......
#............#########
#............#
#............#
............#
...######### ###


You could see 2 friendly quokkas, a friendly bat and a friendly rat.

Vanquished Creatures
  2 giant cockroaches
  A goblin (D:1)
  A kobold (D:1)
  2 bats (D:1)
  A giant newt (D:2)
  2 rats (D:1)
9 creatures vanquished.

Vanquished Creatures (collateral kills)
  An adder (D:2)
  A ball python (D:2)
  4 bats
  4 hobgoblins
  7 jackals
  2 giant newts (D:1)
  2 goblins (D:1)
  3 kobolds
  2 rats
26 creatures vanquished.

Grand Total: 35 creatures vanquished

Notes
Turn   | Place    | Note
--------------------------------------------------------------
     0 | D:1      | Oddball22 the Deep Elf Summoner began the quest for the Orb.
     0 | D:1      | Reached XP level 1. HP: 10/10 MP: 6/6
   498 | D:1      | Reached XP level 2. HP: 9/15 MP: 4/8
   804 | D:1      | Learned a level 2 spell: Call Imp
  1442 | D:2      | Reached XP level 3. HP: 6/19 MP: 4/10
  1454 | D:2      | Succumbed to an adder's poison

Vault maps used:
D:1:      minmay_arrival_plants_in_alcoves
D:2:      nicolae_overflow_hidden_temple, ecumenical_altar_2, tso_metal_star

Action                   || total
-------------------------++-------
Melee: Dagger            ||    65
       Unarmed           ||     5
 Cast: Summon Small Mamm ||    39
  Use: Potion            ||     1
 Stab: Distracted        ||     1
  Eat: Chunk             ||     2
